 Dungeon Crawl Stone Soup version 0.30-a0-883-g5ad918d77d (webtiles) character file.

Game seed: 1003895778055262868

15001 IdlyInterested the Carver (level 11, -10/129 HPs)
             Began as a Demonspawn Gladiator on Mar 15, 2023.
             Killed from afar by a hell hound (17 damage)
             ... with a blast of flame
             ... led by Azrael
             ... on level 12 of the Dungeon.
             The game lasted 00:42:25 (13215 turns).

IdlyInterested the Carver (Demonspawn Gladiator)   Turns: 13215, Time: 00:42:25

Health: -10/129    AC:  8    Str: 21    XL:     11   Next: 96%
Magic:  11/11      EV: 16    Int: 10    God:
Gold:   527        SH:  5    Dex: 20    Spells: 10/10 levels left

rFire   . . .      SeeInvis .    l - +2 long sword (elec)
rCold   . . .      Faith    .    K - +0 buckler
rNeg    . . .      Spirit   .    F - +0 acid dragon scales
rPois   +          Reflect  .    (helmet unavailable)
rElec   .          Rampage  .    L - +0 cloak {rPois}
rCorr   +                        (no gloves)
Will    +....                    y - +0 pair of boots Stlth
                                 (no amulet)
HPRegen 0.41/turn                k - +6 ring of strength
MPRegen 0.12/turn                H - ring of willpower

@: berserking, hasted, very quick
A: horns 3, thin skeletal structure 1, demonic guardian 1, foul stench 1
a: no special abilities


You were on level 12 of the Dungeon.
You visited 2 branches of the dungeon, and saw 13 of its levels.

You collected 632 gold pieces.
You spent 105 gold pieces at shops.

Inventory:

Hand Weapons
 a - a +0 long sword
 c - a +1 short sword of venom
 l - a +2 long sword of electrocution (weapon)
 n - a +1 short sword of draining
 G - a +5 falchion
Missiles
 d - 2 throwing nets
 e - 4 javelins
 i - 133 stones
 o - 29 poisoned darts (quivered)
 I - a curare-tipped dart
Armour
 y - a +0 pair of boots (worn)
 B - a +2 scale mail of cold resistance
 F - +0 acid dragon scales (worn)
 K - a +0 buckler (worn)
 L - a +0 cloak of poison resistance (worn)
Jewellery
 b - a ring of magical power
 k - a +6 ring of strength (left hand)
 t - an amulet of faith
 x - a ring of protection from cold
 z - a ring of resist corrosion
 H - a ring of willpower (right hand)
Wands
 h - a wand of mindburst (1)
 w - a wand of polymorph (12)
 E - a wand of light (6)
 J - a wand of digging (4)
Scrolls
 f - 9 scrolls of teleportation
 g - 2 scrolls of magic mapping
 j - 2 scrolls of fear
 m - 3 scrolls of enchant armour
 u - 2 scrolls of poison
 M - a scroll of enchant weapon
 N - 2 scrolls of amnesia {unknown}
Potions
 p - a potion of flight
 q - 2 potions of haste
 r - 7 potions of curing
 s - 2 potions of magic
 A - a potion of invisibility
 C - 2 potions of mutation
 D - 2 potions of attraction
 O - a potion of resistance {unknown}


   Skills:
 - Level 8.0 Fighting
 + Level 13.9 Long Blades
 - Level 2.0 Throwing
 - Level 2.0 Armour
 - Level 8.0 Dodging
 * Level 3.6 Stealth
 - Level 2.0 Shields
 - Level 2.0 Evocations


You had 10 spell levels left.
You didn't know any spells.
Your spell library contained the following spells:

 Spells                   Type           Power      Damage    Failure   Level
 Magic Dart               Conj           0%         1d3       54%         1
 Sandblast                Erth           0%         2d4       54%         1
 Summon Small Mammal      Summ           0%         N/A       54%         1
 Call Imp                 Summ           0%         N/A       69%         2
 Cigotuvi's Dreadful Rot  Necr/Pois/Air  0%         N/A       69%         2
 Passwall                 Tmut/Erth      0%         N/A       69%         2
 Call Canine Familiar     Summ           0%         N/A       89%         3
 Inner Flame              Hex/Fire       0%         N/A       89%         3
 Mephitic Cloud           Conj/Pois/Air  0%         N/A       89%         3
 Portal Projectile        Hex/Tloc       0%         N/A       89%         3
 Stone Arrow              Conj/Erth      0%         3d7       89%         3
 Summon Guardian Golem    Hex/Summ       0%         N/A       89%         3
 Tukima's Dance           Hex            0%         N/A       89%         3
 Anguish                  Hex/Necr       0%         N/A       100%        4
 Cause Fear               Hex            0%         N/A       100%        4
 Dispel Undead            Necr           0%         3d6       100%        4
 Passage of Golubria      Tloc           0%         N/A       100%        4
 Blade Hands              Tmut           0%         N/A       100%        5
 Irradiate                Conj/Tmut      0%         3d11      100%        5
 Silence                  Hex/Air        0%         N/A       100%        5
 Death Channel            Necr           0%         N/A       100%        6
 Dragon Form              Tmut           0%         N/A       100%        7
 Enfeeble                 Hex            0%         N/A       100%        7
 Discord                  Hex            0%         N/A       100%        8
 Lehudib's Crystal Spear  Conj/Erth      0%         10d2      100%        8


Dungeon Overview and Level Annotations

Branches:
Dungeon (12/15)            Temple (1/1) D:6            Lair (0/5) D:11
    Orc: D:9-12

Altars:
Ashenzari
Cheibriados
Dithmenos
Fedhas
Gozag
Hepliaklqana
Kikubaaqudgha
Makhleb
Nemelex Xobeh
Okawaru
Qazlal
Ru
Sif Muna
Trog
Uskayaw
Vehumet
Wu Jian
Xom
Yredelemnul

Shops:
D:10 ?

Annotations:
D:10 2 transporters, mandoloar's ghost, journeyman GnFE


Innate Abilities, Weirdness & Mutations

You have a pair of large horns on your head.
You have a somewhat thin skeletal structure. (Dex +2, Stealth+)
A weak demonic guardian rushes to your aid.
You may rarely emit foul miasma when damaged in melee.


Message History

The puff of frost hits Azrael but does no damage.
Azrael hits you with a +3 scimitar of flaming!
Azrael burns you. The fire elemental hits you. The fire elemental burns you!
Unknown command.
You hit Azrael but do no damage.
Azrael is moderately wounded.
The hell hound bites you but does no damage.
The hell hound barely misses you. The fire elemental barely misses you.
The shadow strikes at you from the darkness!
Reactivating autopickup.
You hit Azrael. You headbutt Azrael!
Azrael is heavily wounded.
The fire elemental hits you. The fire elemental burns you!
The hell hound bites you.
Your white imp hits Azrael but does no damage.
Azrael barely misses you. The hell hound misses you.
The fire elemental hits you. The fire elemental burns you!
You hit Azrael. Lightning courses through Azrael!
Azrael is severely wounded.
The shadow hits you.
* * * LOW HITPOINT WARNING * * *
The fire elemental completely misses you.
The hell hound misses you.
Unknown command.
You slash Azrael! You headbutt Azrael!
You kill Azrael!
The hell hound bites you.
* * * LOW HITPOINT WARNING * * *
The fire elemental hits you. The fire elemental burns you!
* * * LOW HITPOINT WARNING * * *
The hell hound closely misses you. The fire elemental hits you.
* * * LOW HITPOINT WARNING * * *
The fire elemental burns you!
* * * LOW HITPOINT WARNING * * *
You barely miss the hell hound. Your headbutt misses the hell hound.
The hell hound is severely wounded.
The shadow completely misses you. The hell hound breathes flames at you.
The blast of flame hits you!
You die...

#...... #......
#......###
.........# .
.........####..
.....°.°5......
......Ehh.>....
.....°h@W......
......E........
..............$
###############


You could see 2 fire elementals, 3 hell hounds, a shadow and a friendly white
imp (summoned).

Vanquished Creatures
  Kirke (D:12)
  Azrael (D:12)
  Josephine (D:10)
  A boulder beetle (D:11)
  Pikel (D:4)
  2 cyclopes (D:11)
  Maurice (D:10)
  Joseph (D:10)
  Maggie (D:10)
  2 unseen horrors (D:11)
  A gargoyle (D:11)
  Psyche (D:8)
  2 shadows
  A wyvern (D:11)
  19 yaks
  4 wraiths (D:10)
  2 vampire mosquitoes (D:11)
  4 hogs (D:12)
  3 acid dragons
  3 water moccasins
  An orc warrior (D:9)
  A sky beast (D:7)
  An ogre (D:6)
  3 ice beasts (D:7)
  7 centaurs
  2 phantoms (D:5)
  3 kobold brigands
  2 bullfrogs
  A gnoll sergeant (D:9)
  2 scorpions (D:6)
  7 wights
  3 killer bees (D:11)
  4 howler monkeys
  7 hounds
  5 orc priests
  A sleepcap (D:3)
  Crazy Yiuf (D:7)
  4 iguanas
  6 orc wizards
  3 gnolls (D:9)
  11 adders
  3 white imps
  An ufetubus (D:6)
  A worm (D:4)
  2 dart slugs
  35 orcs
  6 ball pythons
  13 endoplasms
  2 giant cockroaches
  6 goblins
  7 hobgoblins
  8 jackals
  3 quokkas
  8 bats
  5 frilled lizards
  21 kobolds
  6 rats
254 creatures vanquished.

Vanquished Creatures (collateral kills)
  A wraith (D:10)
  A steam dragon (D:9)
  A jelly (D:6)
  An orc (D:6)
4 creatures vanquished.

Grand Total: 258 creatures vanquished

Notes
Turn   | Place    | Note
-------+----------+-------------------------------------------
     0 | D:1      | IdlyInterested the Demonspawn Gladiator began the quest for
                  | the Orb.
     0 | D:1      | Reached XP level 1. HP: 16/16 MP: 1/1
   300 | D:1      | Gained mutation: You may rarely emit foul miasma when
                  | damaged in melee. [demonic ancestry]
   300 | D:1      | Reached XP level 2. HP: 19/22 MP: 2/2
   346 | D:1      | Reached skill level 3 in Long Blades
   737 | D:1      | Reached skill level 1 in Armour
   877 | D:1      | Gained mutation: You have a pair of small horns on your
                  | head. [demonic ancestry]
   877 | D:1      | Reached XP level 3. HP: 26/27 MP: 3/3
  1130 | D:2      | Reached skill level 1 in Stealth
  1455 | D:2      | Reached skill level 1 in Evocations
  2233 | D:3      | Reached XP level 4. HP: 26/33 MP: 4/4
  2312 | D:3      | Reached skill level 1 in Shields
  2634 | D:3      | Gained mutation: You have a pair of horns on your head.
                  | [demonic ancestry]
  2634 | D:3      | Reached XP level 5. HP: 41/41 MP: 5/5
  2898 | D:3      | Found a radiant altar of Vehumet.
  3020 | D:4      | Noticed a lemure
  3020 | D:4      | Noticed a lemure
  3021 | D:4      | Noticed a lemure
  3023 | D:4      | Noticed Pikel
  3024 | D:4      | Noticed a lemure
  3040 | D:4      | HP: 2/41 [Pikel/+0 whip of electrocution (17)]
  3043 | D:4      | Killed Pikel
  3044 | D:4      | Reached skill level 6 in Long Blades
  3044 | D:4      | Gained mutation: You have a pair of large horns on your
                  | head. [demonic ancestry]
  3044 | D:4      | Reached XP level 6. HP: 20/47 MP: 6/6
  3044 | D:4      | Reached XP level 7. HP: 22/52 MP: 7/7
  3801 | D:5      | Entered Level 5 of the Dungeon
  4558 | D:5      | Gained mutation: A weak demonic guardian rushes to your
                  | aid. [demonic ancestry]
  4558 | D:5      | Reached XP level 8. HP: 52/60 MP: 8/8
  5178 | D:6      | Found a staircase to the Ecumenical Temple.
  5191 | D:6      | Reached skill level 7 in Long Blades
  5353 | Temple   | Entered the Ecumenical Temple
  5890 | D:6      | Reached skill level 8 in Long Blades
  6668 | D:7      | Reached XP level 9. HP: 58/60 MP: 9/9
  6763 | D:7      | Reached skill level 9 in Long Blades
  7064 | D:7      | Reached skill level 5 in Dodging
  7307 | D:7      | Found a runed translucent door.
  7308 | D:7      | Noticed Crazy Yiuf
  7520 | D:7      | Killed Crazy Yiuf
  8179 | D:8      | Reached skill level 10 in Long Blades
  8573 | D:8      | Noticed Psyche
  8578 | D:8      | Killed Psyche
  8579 | D:8      | Gained mutation: You have a somewhat thin skeletal
                  | structure. (Dex +2, Stealth+) [demonic ancestry]
  8579 | D:8      | Reached XP level 10. HP: 71/71 MP: 10/10
  9129 | D:9      | Reached skill level 11 in Long Blades
 10432 | D:10     | Entered Level 10 of the Dungeon
 10432 | D:10     | Noticed mandoloar's ghost (journeyman GnFE)
 10432 | D:10     | Noticed an eight-headed hydra
 10432 | D:10     | Noticed Maurice
 10432 | D:10     | Found a transporter.
 10478 | D:10     | Killed Maurice
 10479 | D:10     | Reached skill level 12 in Long Blades
 10552 | D:10     | Noticed Josephine
 10573 | D:10     | Killed Josephine
 10577 | D:10     | Found a transporter.
 10595 | D:10     | Reached XP level 11. HP: 12/77 MP: 11/11
 10626 | D:10     | HP: 2/77 [wraith[Josephine] (5)]
 10846 | D:10     | Noticed Joseph
 10864 | D:10     | Killed Joseph
 10956 | D:10     | Reached skill level 13 in Long Blades
 10977 | D:10     | Noticed Maggie
 10986 | D:10     | Killed Maggie
 11307 | D:10     | Found Ucym's Magic Scroll Shoppe.
 11315 | D:10     | Bought a scroll of enchant weapon for 105 gold pieces
 11814 | D:11     | Reached skill level 5 in Fighting
 12172 | D:11     | Noticed a boulder beetle
 12188 | D:11     | Killed a boulder beetle
 12220 | D:11     | Found a staircase to the Lair.
 13008 | D:12     | Noticed Kirke
 13033 | D:12     | Killed Kirke
 13200 | D:12     | Noticed Azrael
 13214 | D:12     | Killed Azrael
 13215 | D:12     | Killed from afar by a hell hound

Illustrated notes

Levels and vault maps discovered:
D:1:      matt_arrival_refuge, layout_basic
D:2:      layout_loops_cross
D:3:      layout_loops_ring, general_overflow_altar
D:4:      layout_basic, uniq_pikel
D:5:      layout_basic, hex_intersection
D:6:      layout_loops_ring, minmay_temple_entry_trees
D:7:      layout_loops_ring, uniq_crazy_yiuf_cottage
D:8:      layout_basic, uniq_psyche
D:9:      layout_irregular_city, mainiacjoe_overflow_alcove_2,
          amcnicky_mini_rare_corridor_liquid, kennysheep_big_empty_room,
          minmay_misc_feat_five
D:10:     layout_long_grid, gammafunk_ghost_berserking_beasts, serial_shops,
          shop_scrolls, uniq_josephine, uniq_maggie, uniq_joseph, uniq_maurice
D:11:     layout_gridville, lair_entry_dummy
D:12:     layout_irregular_city, erik_orc_3, serial_shops, statue_bzr,
          nicolae_concentric_dashed_squares_wild, uniq_azrael, uniq_kirke,
          uniq_lodul
Temple:   nicolae_temple_bog_church

Skill      XL: |  1  2  3  4  5  6  7  8  9 10 11 |
---------------+----------------------------------+-----
Throwing       | 2 |  2.0
Long Blades    | 3 6 8 10 12 13 | 13.9
Dodging        | 3 4 6 7 8 |  8.0
Armour         | 1 2 |  2.0
Stealth        | 1 3 |  3.6
Evocations     | 1 2 |  2.0
Shields        | 1 2 |  2.0
Fighting       | 3 4 8 |  8.0

Action                     |  1- 3 |  4- 6 |  7- 9 | 10-12 || total
---------------------------+-------+-------+-------+-------++-------
  Melee: Long sword        |   127 |    72 |   349 |   145 ||   693
         Punch             |     2 |     2 |     7 |       ||    11
         Headbutt          |     9 |    10 |    77 |    86 ||   182
         Falchion          |       |       |     3 |   193 ||   196
  Throw: Dart              |       |     5 |    54 |    10 ||    69
         Throwing net      |       |     1 |       |       ||     1
         Javelin           |       |       |       |     5 ||     5
    Use: Scroll            |     9 |     2 |     4 |     4 ||    19
         Potion            |     4 |     1 |     2 |     6 ||    13
   Stab: Sleeping          |     1 |       |     1 |     6 ||     8
 Armour: Leather armour    |     3 |       |       |       ||     3
         Scale mail        |    49 |    30 |   116 |       ||   195
         Acid dragon scale |       |       |     4 |    77 ||    81
  Dodge: Dodged            |    76 |    47 |   176 |   218 ||   517
  Block: Buckler           |       |       |       |    47 ||    47

Table legend: (Time is in decaauts)
 A = Elapsed time spent in this place.
 B = Non-inter-level travel time spent in this place.
 C = Inter-level travel time spent in this place.
 D = Time resting spent in this place.
 E = Time spent auto-exploring this place.
 F = Levels seen in this place.
 G = Mean time per level.
                   A        B        C        D        E       F      G
               +--------+--------+--------+--------+--------+-----+--------+
         Total |  13221 |  11779 |   1442 |   2862 |   6098 |  13 | 1017.0 |
       Dungeon |  13037 |  11615 |   1422 |   2862 |   5952 |  12 | 1086.4 |
        Temple |    184 |    164 |     20 |      0 |    145 |   1 |  184.0 |
               +--------+--------+--------+--------+--------+-----+--------+

Top non-repeatable levels by time:
     D:7: 1624 daAuts
     D:9: 1566 daAuts
    D:11: 1368 daAuts
     D:1: 1356 daAuts
     D:5: 1275 daAuts
    D:10: 1138 daAuts
     D:6: 1016 daAuts
     D:4: 974 daAuts
     D:8: 954 daAuts
     D:2: 805 daAuts
     D:3: 797 daAuts
  Temple: 184 daAuts
    D:12: 159 daAuts
